 Dungeon Crawl Stone Soup version 0.27.1 (webtiles) character file.

Game seed: 1365964254404268448

223 jlumianski the Covered (level 5, -6/49 HPs)
             Began as a Deep Dwarf Fighter on Aug 27, 2021.
             Blown up by an orc (24 damage)
             ... with a mindburst bolt
             ... on level 4 of the Dungeon on Aug 29, 2021.
             The game lasted 00:22:01 (2978 turns).

jlumianski the Covered (Deep Dwarf Fighter)         Turns: 2978, Time: 00:22:02

Health: -6/49      AC: 12    Str: 19 (20) XL:     5   Next: 66%
Magic:  3/3        EV:  8    Int:  9      God:
Gold:   203        SH:  9    Dex: 12      Spells: 4/4 levels left

rFire    . . .     SeeInvis .   a - +0 war axe
rCold    . . .     Faith    .   c - +0 kite shield
rNeg     . . .     Spirit   .   s - +4 ring mail of Yesterday {Slay+2}
rPois    .         Reflect  .   (no helmet)
rElec    .         Harm     .   (no cloak)
rCorr    .         Rampage  .   o - +1 pair of gloves
Will     .....                  (no boots)
Stlth    +.........             (no amulet)
HPRegen  0.00/turn              (no ring)
MPRegen  0.08/turn              (no ring)

@: no status effects
A: damage resistance, heal wounds, sense surroundings 1, no regeneration
a: Heal Wounds


You were on level 4 of the Dungeon.
You visited 1 branch of the dungeon, and saw 4 of its levels.

You collected 203 gold pieces.

Inventory:

Hand Weapons
 a - a +0 war axe (weapon)
 h - a +0 dagger of venom
Missiles
 e - 101 stones (quivered)
Armour
 b - a +0 scale mail
 c - a +0 kite shield (worn)
 o - a +1 pair of gloves (worn)
 s - the +4 ring mail of Yesterday (worn) {Slay+2}
   (You found it on level 4 of the Dungeon)

   Slay:      It affects your accuracy & damage with ranged weapons and melee
   (+2).
Jewellery
 m - a ring of wizardry
Scrolls
 f - a scroll of vulnerability {unknown}
 g - 4 scrolls of noise {unknown}
 j - a scroll of acquirement {unknown}
 k - 3 scrolls of enchant armour {unknown}
 n - a scroll of brand weapon {unknown}
 p - a scroll of amnesia {unknown}
 r - a scroll of holy word {unknown}
Potions
 d - a potion of might
 i - a potion of haste
 l - a potion of degeneration
 q - a potion of flight {unknown}


   Skills:
 + Level 3.5 Fighting
 + Level 3.9 Axes
 + Level 0.2 Throwing
 + Level 4.3 Armour
 + Level 1.1 Dodging
 + Level 1.0 Stealth
 + Level 4.2 Shields


You had 4 spell levels left.
You didn't know any spells.
Your spell library contained the following spells:

 Spells                   Type           Power      Damage    Failure   Level
 Apportation              Tloc           0%         N/A       95%         1
 Tukima's Dance           Hex            0%         N/A       100%        3
 Passage of Golubria      Tloc           N/A        N/A       100%        4
 Alistair's Intoxication  Tmut/Pois      0%         N/A       100%        5
 Yara's Violent Unravell  Hex/Tmut       0%         3d3       100%        5
 Invisibility             Hex            0%         N/A       100%        6


Dungeon Overview and Level Annotations

Branches:
Dungeon (4/15)
 Temple: D:4-7

Altars:
Gozag
Xom

Annotations:
D:3 Sigmund


Innate Abilities, Weirdness & Mutations

You are resistant to damage.
You can heal yourself by infusing magical energy.
You passively map a small area around you.
You do not regenerate.


Message History

Throw: 104 stones
Press: ? - help, Q - select action, (/) - cycle Shift-Dir - straight line, f/p - orc
Aim: an orc, wielding a +0 spear (heavily wounded, 60% to hit)
You throw a stone. The stone barely misses the orc.
Throw: 103 stones
Press: ? - help, Q - select action, (/) - cycle Shift-Dir - straight line, f/p - orc
Aim: an orc, wielding a +0 spear (heavily wounded, 60% to hit)
You throw a stone. The stone hits the orc.
The orc is almost dead.
The orc hits you but does no damage.
You hit the orc.
You kill the orc!
An orc comes into view.
It is wielding a +0 falchion of electrocution.
The orc shouts!
You see here a +0 spear. 2 orcs come into view.
An orc is wielding a +0 mace and carrying a wand of mindburst (12).
The orc shouts! x2
The orc moves out of view.
Throw: 102 stones
Press: ? - help, Q - select action, (/) - cycle Shift-Dir - straight line, f - orc
Aim: an orc, wielding a +0 falchion of electrocution (60% to hit)
You throw a stone. The stone completely misses the orc.
The stone hits the orc.
The orc is heavily wounded.
An orc comes into view. It is wielding a +0 hand axe.
You see here a +0 spear.
You barely miss the orc. The orc hits you but does no damage.
You block the orc's attack.
You closely miss the orc.
The orc hits you with a +0 falchion of electrocution.
Your shield and ring mail of Yesterday prevent you from hitting the orc.
The orc hits you but does no damage.
You are electrocuted!
You block the orc's attack.
You hit the orc.
The orc is heavily wounded.
The orc hits you but does no damage.
You hit the orc.
You kill the orc!
The orc zaps a wand.
Your mind is blasted!
You die...

## ##.####### ## #........#
# * #..#####.# # ,
#..#####.# ## * #.....##.#
##. , , * #.###.##.# ##..
#. #.###.##.###...
.#...########.##...#.##....
((..(..ooo@................
##...##########............
,, #., #.#.####.#... * , *
#.#.# #.##.. ,
#.#.####.###. * * *
#.#...##.# ## #.###.##.# #.
#.# #.##.# #. * #.###.##.#
#.


You could see 3 orcs.

Vanquished Creatures
  A scorpion (D:4)
  A hound (D:4)
  A jelly (D:4)
  An orc wizard (D:3)
  An adder (D:2)
  An ufetubus (D:2)
  A dart slug (D:4)
  A worm (D:2)
  6 orcs
  7 endoplasms
  2 giant cockroaches
  6 goblins
  3 hobgoblins
  3 jackals (D:1)
  3 kobolds
  2 quokkas
  3 ball pythons
  3 bats
  11 frilled lizards
  3 rats (D:2)
60 creatures vanquished.

Vanquished Creatures (others)
  11 plants (D:3)
11 creatures vanquished.

Grand Total: 71 creatures vanquished

Notes
Turn   | Place    | Note
-------+----------+-------------------------------------------
     0 | D:1      | jlumianski the Deep Dwarf Fighter began the quest for the
                  | Orb.
     0 | D:1      | Reached XP level 1. HP: 20/20 MP: 1/1
   248 | D:1      | Reached XP level 2. HP: 20/27 MP: 2/2
   927 | D:2      | Reached XP level 3. HP: 28/33 MP: 3/3
  1232 | D:2      | Found a shimmering altar of Xom.
  1675 | D:3      | Found an opulent altar of Gozag.
  1713 | D:3      | Noticed Sigmund
  1952 | D:3      | Found a shimmering altar of Xom.
  2179 | D:3      | Reached XP level 4. HP: 29/40 MP: 2/2
  2520 | D:4      | Reached skill level 1 in Dodging
  2666 | D:4      | Reached skill level 1 in Stealth
  2666 | D:4      | Reached XP level 5. HP: 36/49 MP: 3/3
  2813 | D:4      | Identified the +4 ring mail of Yesterday {Slay+2}
  2978 | D:4      | Blown up by an orc

Illustrated notes

Levels and vault maps discovered:
D:1:      eino_arrival_tree_alley, layout_basic
D:2:      layout_loops_cross, basic_altar, minmay_pentomino_o4
D:3:      layout_basic, nicolae_gozag_seed_capital,
          mainiacjoe_overflow_brackets, serial_bayou, serial_bayou_shore_a,
          serial_bayou_ford_a, serial_bayou_pond_a, serial_bayou_pond_e,
          minmay_lizard_king, uniq_sigmund
D:4:      layout_loops_corners, slow_altar_2, overflow_temple_1_default

Skill      XL: |  1  2  3  4 |
---------------+-------------+-----
Shields        | 4 |  4.2
Armour         | 4 |  4.3
Fighting       | 3 |  3.5
Axes           | 3 |  3.9
Dodging        | 1 |  1.1
Stealth        | 1 |  1.0
Throwing       | |  0.2

Action                   |  1- 3 |  4- 6 || total
-------------------------+-------+-------++-------
Melee: War axe           |   162 |    44 ||   206
Throw: Stone             |     5 |    13 ||    18
 Abil: Heal Wounds       |     3 |     1 ||     4
  Use: Potion            |     1 |     2 ||     3
Armor: Scale mail        |   103 |    17 ||   120
       Ring mail         |       |     4 ||     4
Dodge: Dodged            |    66 |     9 ||    75
Block: Kite shield       |   104 |    20 ||   124
